Map: Croisement de Kairos EC

Players

IIIIIIlIIIIl - Winner!

  • Race: Zerg Zerg
  • League: Master
  • Spawn Location: 11:00

ChillandSc

  • Race: Zerg Zerg
  • League: Master
  • Spawn Location: 5:00

VOD

Have the link to the VOD?

Description

AlphaStar (Zerg) ZvZ

Time

  • Played on: July 24, 2019, 10:09 a.m.
  • Length: 8:34
Show
View Real Time Build Order
Export as new Build Order

IIIIIIlIIIIl Zerg - Winner!

Build Orders: Hatch First 

Get SALT Encoding   

  12  0:01  Drone  
  13  0:12  Overlord  
  13  0:17  Drone  
  14  0:30  Drone x2  
  14  0:34  Drone  
  17  0:51  Hatchery  
  17  0:55  Drone  
  17  0:57  Drone  
  18  1:09  Extractor  
  17  1:13  Spawning Pool  
  17  1:16  Drone  
  17  1:20  Drone  
  18  1:28  Drone  
  19  1:38  Drone  
  20  1:49  Drone  
  21  2:00  Overlord  
  21  2:03  Queen x2  
  21  2:04  Drone  
  26  2:11  Drone  
  26  2:15  Drone  
  28  2:21  Drone  
  29  2:27  Drone  
  30  2:31  Drone  
  30  2:36  Drone  
  32  2:38  Queen  
  32  2:39  Queen  
  32  2:42  Roach Warren  
  32  2:43  Drone  
  36  2:46  Overlord  
  36  2:53  Overlord  
  36  3:06  Drone  
  36  3:07  Drone  
  36  3:08  Drone  
  36  3:10  Drone x2  
  36  3:11  Drone x3  
  44  3:13  Drone  
  44  3:18  Overlord  
  45  3:22  Lair  
  45  3:25  Drone  
  45  3:26  Extractor  
  45  3:30  Roach  
  45  3:32  Roach  
  49  3:40  Roach  
  51  3:45  Evolution Chamber  
  51  3:46  Drone x2, Roach x2  
  56  3:49  Drone  
  56  3:52  Overlord x2  
  57  3:58  Drone  
  57  4:02  Drone x2  
  60  4:03  Extractor  
  60  4:05  Extractor  
  60  4:06  Drone  
  59  4:11  Zerg Missile Weapons Level 1  
  61  4:17  Roach x2  
  61  4:19  Drone  
  61  4:20  Drone x3  
  61  4:22  Glial Reconstitution  
  67  4:28  Overlord, Roach  
  67  4:30  Overlord  
  69  4:34  Roach  
  71  4:38  Overlord  
  71  4:39  Overlord  
  71  4:50  Roach x3  
  71  4:51  Roach  
  71  4:52  Roach  
  81  4:58  Roach x3  
  87  5:01  Roach  
  87  5:03  Roach  
  91  5:11  Overlord  
  91  5:13  Overlord  
  89  5:17  Roach x2  
  89  5:18  Roach  
  95  5:23  Roach  
  95  5:27  Roach  
  99  5:34  Roach x3  
  107  5:35  Roach  
  107  5:37  Roach  
  109  5:43  Ravager x2  
  109  5:46  Roach  
  109  5:47  Roach  
  109  5:48  Overlord  
  109  5:49  Overlord  
  115  6:08  Roach x4  
  125  6:11  Roach  
  125  6:23  Drone x2  
  127  6:30  Overlord x2  
  127  6:33  Hatchery  
  127  6:34  Ravager  
  127  6:35  Ravager  
  128  6:40  Overlord  
  128  6:43  Overlord  
  128  6:50  Ravager  
  128  6:51  Roach  
  131  6:55  Roach  
  133  7:04  Roach x2  
  133  7:05  Ravager x3  
  140  7:13  Hatchery  
  143  7:15  Roach x2  
  143  7:18  Roach x2  
  143  7:19  Roach  
  149  7:25  Overlord  
  149  7:26  Roach  
  151  7:32  Pneumatized Carapace  
  151  7:35  Roach  
  151  7:36  Roach  
  156  7:45  Roach  
  156  7:46  Roach x3  
  156  7:47  Hatchery  
  163  7:51  Roach  
  163  7:52  Roach x2  
  169  8:00  Overlord  
  169  8:08  Overlord  
  169  8:10  Overlord  
Show
View Real Time Build Order
Export as new Build Order

ChillandSc Zerg 

Build Orders: Hatch First 

Get SALT Encoding   

  12  0:01  Drone  
  13  0:12  Overlord  
  13  0:16  Drone  
  14  0:31  Drone  
  14  0:32  Drone  
  16  0:48  Hatchery  
  15  0:52  Drone  
  15  0:56  Drone  
  17  0:58  Drone  
  18  1:11  Extractor  
  17  1:15  Spawning Pool  
  17  1:18  Drone  
  17  1:21  Drone  
  18  1:28  Drone  
  20  1:40  Drone  
  20  1:49  Drone  
  21  2:01  Queen x2  
  21  2:02  Zergling x4  
  27  2:10  Overlord  
  27  2:11  Drone  
  27  2:14  Metabolic Boost  
  28  2:28  Drone x2  
  30  2:33  Drone x2  
  32  2:41  Hatchery  
  31  2:46  Drone  
  32  2:52  Baneling Nest  
  32  2:54  Overlord  
  31  3:00  Drone x2  
  33  3:06  Overlord  
  33  3:14  Drone x3  
  36  3:23  Overlord  
  36  3:25  Zergling x2  
  36  3:26  Zergling x6  
  40  3:36  Zergling x4  
  41  3:43  Drone x4  
  41  3:44  Drone  
  41  3:46  Evolution Chamber  
  41  3:48  Drone x2  
  47  3:51  Drone  
  47  3:54  Queen  
  50  4:02  Roach Warren  
  49  4:04  Extractor  
  49  4:05  Drone x2  
  49  4:09  Drone x2  
  52  4:12  Drone x2  
  54  4:17  Overlord  
  54  4:19  Overlord  
  54  4:23  Zerg Missile Weapons Level 1  
  54  4:28  Lair  
  54  4:29  Drone  
  55  4:36  Extractor  
  53  4:40  Drone x2  
  53  4:41  Drone x2  
  53  4:43  Extractor  
  53  4:44  Drone x3  
  53  4:45  Drone  
  60  4:52  Overlord x2  
  60  4:53  Roach  
  61  5:01  Roach x3  
  66  5:09  Roach x3  
  66  5:10  Roach  
  73  5:15  Roach x2  
  73  5:16  Roach  
  73  5:21  Roach x2  
  82  5:26  Glial Reconstitution  
  82  5:28  Roach x2  
  86  5:35  Spine Crawler, Roach x2  
  87  5:41  Roach  
  87  5:42  Overlord  
  89  5:47  Overlord  
  89  5:52  Overseer  
  89  6:02  Roach x2  
  89  6:03  Roach x2  
  96  6:06  Extractor  
  96  6:08  Roach x6  
  104  6:16  Overlord x2  
  104  6:29  Overlord  
  104  6:44  Hatchery, Roach x4  
  111  6:53  Roach x4  
  119  7:07  Roach x2  
  123  7:12  Overlord x2  
  123  7:23  Overlord x2  
  123  7:29  Overlord x2  
  123  7:30  Drone x2  
  125  7:37  Drone x2  
  125  7:38  Drone x2  
  125  7:42  Roach x2  
  125  7:47  Roach x2  
  127  7:54  Ravager x2  
  127  7:57  Roach x2  
  133  8:07  Ravager x4  
  133  8:08  Roach x4, Ravager  
Tags
 
Add a new tag
Caveats
  • Supply blocks, unpowered buildings, or Contaminate may cause inaccurate times.
  • Supply counts are checked every 10 seconds.